 Dungeon Crawl Stone Soup version 0.21.0 (webtiles) character file.

40 Hekarica the Stinger (level 3, -4/21 HPs)
             Began as an Octopode Venom Mage on May 25, 2018.
             Was an Initiate of Gozag.
             Slain by a bullfrog (8 damage)
             ... on level 2 of the Dungeon.
             The game lasted 00:05:01 (928 turns).

Hekarica the Stinger (Octopode Venom Mage)           Turns: 928, Time: 00:05:01

Health: -4/21      AC:  1    Str:  7    XL:     3   Next: 50%
Magic:  1/6        EV: 13    Int: 18    God:    Gozag
Gold:   49         SH:  0    Dex: 12    Spells: 6/7 levels left

rFire    . . .     SeeInvis .   h - +0 whip
rCold    . . .     Gourm    .   (no shield)
rNeg     . . .     Faith    .   (helmet restricted)
rPois    .         Spirit   .   (no amulet)
rElec    .         Reflect  .   (no ring)
rCorr    .         Harm     .   (no ring)
MR       .....                  (no ring)
Stlth    +++.......             (no ring)
HPRegen  0.07/turn              (no ring)
MPRegen  0.10/turn              (no ring)
                                (no ring)
                                (no ring)

@: no status effects
A: almost no armour, stealthy swim, amphibious, 8 rings, constrict 8, camouflage
1, gelatinous body 1
a: Potion Petition, Call Merchant, Bribe Branch, Renounce Religion


You were on level 2 of the Dungeon.
You worshipped Gozag.
Gozag was noncommittal.
You were not hungry.

You visited 1 branch of the dungeon, and saw 2 of its levels.

You collected 67 gold pieces.
You paid 18 gold pieces to Gozag.

Inventory:

Hand Weapons
 h - a +0 whip (weapon)
Scrolls
 c - a scroll of identify {unknown}
 d - 2 scrolls of teleportation {unknown}
 e - a scroll of remove curse {unknown}
 f - a scroll of enchant weapon {unknown}
 g - 2 scrolls of amnesia {unknown}
 j - 2 scrolls of noise {unknown}
Potions
 i - a potion of curing {unknown}
Books
 a - a Young Poisoner's Handbook

   Spells                             Type                      Level
   a - Sting                          Conjuration/Poison           1
   b - Poisonous Vapours              Poison/Air                   2
   c - Mephitic Cloud                 Conjuration/Poison/Air       3
   d - Olgreb's Toxic Radiance        Poison                       4
   e - Venom Bolt                     Conjuration/Poison           5
Comestibles
 b - 2 rations


   Skills:
 + Level 2.2 Dodging
 + Level 3.2 Stealth
 * Level 2.6 Spellcasting
 + Level 1.4 Conjurations
 + Level 4.0 Poison Magic


You had 6 spell levels left.
You knew the following spells:

 Your Spells              Type           Power        Failure   Level  Hunger
a - Sting                 Conj/Pois      ##..         5%          1    #......


Dungeon Overview and Level Annotations

Branches:
Dungeon (2/15)

Altars:
Gozag


Innate Abilities, Weirdness & Mutations

You cannot wear most types of armour.
You are very stealthy in the water. (Stealth+)
You are amphibious.
You can wear up to eight rings at the same time.
You can use your tentacles to constrict eight enemies at once.
Your skin changes colour to match your surroundings (Stealth+).
Your rubbery body absorbs attacks. (AC +1, EV +1)


Message History

Your squeeze misses the bullfrog.
The bullfrog is moderately wounded.
The bullfrog hits you!
You barely miss the bullfrog. Your grab misses the bullfrog.
The bullfrog is moderately wounded.
The bullfrog hits you. The bullfrog closely misses you.
You hit the bullfrog. You grab the bullfrog.
The bullfrog is moderately wounded.
You constrict the bullfrog. The bullfrog barely misses you.
The bullfrog hits you.
You barely miss the bullfrog.
The bullfrog is heavily wounded.
You constrict the bullfrog, but do no damage.
The bullfrog hits you.
* * * LOW HITPOINT WARNING * * *
You hit the bullfrog. You squeeze the bullfrog.
The bullfrog is severely wounded.
You constrict the bullfrog. The bullfrog hits you!
You die...
Your body crumbles into a pile of gold.

#'###....# #.# #..###
#.......... #.###..#
.......... (_..'.##
.......... #####.#
......... ### #.#
......... #####(#
#.......#
......+.......##.F......
$
##....#.......##@.......
....#.......##........
....#.......##........
....#.......##.......#
....#.......##........
#######.......##.......#
......'.......'........#
#######.......##.......#
#.......##.......#


You could see a bullfrog.

Vanquished Creatures
  2 adders (D:2)
  2 leopard geckos
  3 bats (D:1)
  2 giant cockroaches (D:1)
  A goblin (D:1)
  3 hobgoblins
  A ball python (D:1)
  2 frilled lizards
  2 kobolds (D:1)
  5 rats (D:1)
23 creatures vanquished.

Notes
Turn   | Place    | Note
-------+----------+-------------------------------------------
     0 | D:1      | Hekarica the Octopode Venom Mage began the quest for the Orb.
     0 | D:1      | Reached XP level 1. HP: 11/11 MP: 3/3
   239 | D:1      | Reached XP level 2. HP: 17/17 MP: 0/5
   794 | D:2      | Found an opulent altar of Gozag.
   802 | D:2      | Reached XP level 3. HP: 20/21 MP: 0/6
   814 | D:2      | Became a worshipper of Gozag Ym Sagoz the Greedy
   820 | D:2      | Reached skill level 4 in Poison Magic
   920 | D:2      | Noticed a bullfrog
   928 | D:2      | Slain by a bullfrog

Skill      XL: |  1  2  3 |
---------------+----------+-----
Stealth        | 3 |  3.2
Poison Magic   | 4 |  4.0
Dodging        | |  2.2
Spellcasting   | |  2.6
Conjurations   | |  1.4

Action                   || total
-------------------------++-------
Melee: Unarmed           ||    11
       Whip              ||    27
       Constrict         ||     9
       Tentacles         ||     5
 Cast: Sting             ||    38
Armor: Skin              ||     5
Dodge: Dodged            ||    38
